 Dungeon Crawl Stone Soup version 0.31-a0-1338-gb567cfdca4 (webtiles) character file.

Game seed: 5473175237596812349

12813 Laraso the Carver (level 11, -20/111 HPs)
             Began as an Oni Cinder Acolyte on Dec 22, 2023.
             Was a High Priest of Ignis.
             Demolished by a two-headed ogre
             ... wielding a +0 giant club
              (23 damage)
             ... on level 10 of the Dungeon.
             The game lasted 00:19:43 (11814 turns).

Laraso the Carver (Oni Cinder Acolyte)             Turns: 11814, Time: 00:19:44

Health: -20/111    AC:  7    Str: 22    XL:     11   Next: 99%
Magic:  10/15      EV: 11    Int: 12    God:    Ignis [*****.]
Gold:   447        SH: 10    Dex: 13    Spells: 13/15 levels left

rFire   + + .        a - +7 Throatcutter {drain, coup de grace}
rCold   x . .        E - +2 kite shield
rNeg    . . .        y - +0 steam dragon scales
rPois   .            l - +2 hat
rElec   .            B - +2 cloak
rCorr   .            (gloves unavailable)
SInv    .            (boots unavailable)
Will    +....        p - amulet of magic regeneration
Stlth   +            g - ring of fire
HPRegen 0.38/turn    (no ring)
MPRegen 0.54/turn

%: no passive effects
@: corroded
A: drunken brawling, large, unfitting armour, horns 1, tough skin 1, double
potion healing, agile 2, dopey 1, strong 1
a: Renounce Religion, Fiery Armour, Foxfire Swarm, Rising Flame


You were on level 10 of the Dungeon.
You worshipped Ignis.
Ignis was extremely pleased with you.
You visited 1 branch of the dungeon, and saw 10 of its levels.

You collected 447 gold pieces.

Inventory:

Hand Weapons
 a - the +7 Throatcutter (weapon) {drain, coup de grace}
   (You took it off Terence on level 2 of the Dungeon)
 b - a +3 great sword
Missiles
 t - 6 throwing nets
Armour
 l - a +2 hat (worn)
 y - +0 steam dragon scales (worn)
 B - a +2 cloak (worn)
 E - a +2 kite shield (worn)
Jewellery
 f - a ring of flight
 g - a ring of fire (left hand)
 p - an amulet of magic regeneration (around neck)
Wands
 e - a wand of polymorph (5)
 u - a wand of charming (3)
 w - a wand of acid (5)
Scrolls
 h - 2 scrolls of poison
 i - 5 scrolls of revelation
 j - 6 scrolls of teleportation
 n - a scroll of fear
 q - 2 scrolls of brand weapon
 r - a scroll of amnesia
 v - a scroll of enchant armour
 z - a scroll of fog
 A - a scroll of enchant weapon
 D - 2 scrolls of immolation
Potions
 c - a potion of lignification
 d - 2 potions of haste
 k - 2 potions of might
 m - a potion of cancellation
 o - 3 potions of enlightenment
 s - a potion of resistance {unknown}
 x - 2 potions of brilliance {unknown}
 C - a potion of heal wounds


   Skills:
 - Level 8.0 Fighting
 - Level 14.0 Long Blades
 - Level 4.0 Maces & Flails
 - Level 7.0 Dodging
 * Level 3.1 Shields
 - Level 2.9 Spellcasting
 - Level 3.5 Fire Magic


You had 13 spell levels left.
You knew the following spells:

 Your Spells              Type           Power      Damage    Failure   Level
a - Scorch                Fire           30%        2d6       21%         2

Your spell library contained the following spells:

 Spells                   Type           Power      Damage    Failure   Level
 Sting                    Conj/Alch      4%         1d3       50%         1
 Cigotuvi's Dreadful Rot  Necr/Alch/Air  2%         N/A       65%         2
 Mercury Vapours          Alch/Air       2%         N/A       65%         2
 Summon Guardian Golem    Hex/Summ       1%         N/A       86%         3
 Ignite Poison            Fire/Alch      8%         N/A       95%         4
 Olgreb's Toxic Radiance  Alch           1%         N/A       99%         4
 Freezing Cloud           Conj/Ice/Air   0%         6-21      100%        5
 Orb of Destruction       Conj           0%         9d5       100%        7
 Spellforged Servitor     Conj/Summ      0%         N/A       100%        7


Dungeon Overview and Level Annotations

Branches:
Dungeon (10/15)            Temple (0/1) D:4
   Lair: D:8-11         Orc: D:9-12

Altars:
Dithmenos
Fedhas
Gozag
Kikubaaqudgha
Makhleb
Vehumet
Wu Jian
Xom
Yredelemnul
The Shining One

Shops:
D:6 *   D:7 *

Annotations:
D:7 1 runed translucent door
D:9 3 runed translucent doors, exclusion: ice statue, Curundu's ghost, novice MiBe


Innate Abilities, Weirdness & Mutations

Whenever you drink a potion that restores your health or magic, you attack all enemies around you.
You are too large for most types of armour.
You have a pair of small horns on your head.
You have tough skin. (AC +1)
Whenever you drink a potion that restores your health or magic, it restores twice as much.
You are very agile. (Dex +8, Str/Int -2)
You are dopey. (Int -2)
Your muscles are strong. (Str +4, Int/Dex -1)


Message History

You are very lightly contaminated with residual magic.
Nothing appears to happen.
Unknown command.
Casting: Scorch (safe; 22% risk of failure)
Confirm with . or Enter, or press ? or * to list all spells.
Okay, then.
Unknown command.
You barely miss the orc warrior.
The orc warrior is severely wounded.
The orc warrior zaps a wand.
The bolt of acid misses you.
You slash the orc warrior!
You kill the orc warrior!
You feel your dexterity returning.
Training target 7.0 for Dodging reached!
Your Dodging skill increases to level 7!
Your Shields skill increases to level 3!
Items here: $ )) / [.
w - a wand of acid (5) (gained 4 charges)
You now have 447 gold pieces (gained 13).
A cyclops is nearby!
There is an open door here.
A two-headed ogre comes into view. It is wielding two +0 giant clubs.
Your magical contamination has completely faded away.
Items here: ) [[ †.
A two-headed ogre is nearby!
The two-headed ogre closely misses you.
The two-headed ogre hits you with a +0 giant club.
You hit the two-headed ogre. You drain the two-headed ogre.
You headbutt the two-headed ogre.
The two-headed ogre is moderately wounded.
The two-headed ogre hits you with a +0 giant club! x2
* * * LOW HITPOINT WARNING * * *
You slash the two-headed ogre!
The two-headed ogre is heavily wounded.
You barely miss the two-headed ogre.
The two-headed ogre is heavily wounded.
The two-headed ogre hits you with a +0 giant club!!
* * * LOW HITPOINT WARNING * * *
The two-headed ogre hits you with a +0 giant club!!
You die...

≈≈≈≈≈≈≈≈≈≈≈h≈≈≈....#
~~~~~~hh#####≈~....#
......hg#...#≈≈....#
#######'#.).#≈~....#
.o....#'###≈~....#
#....#.#.~~~....# #...
#)#.~≈≈....#
##'###.#.≈≈~....#
#.....@#.~~~....#
#....)O#.~≈~..P.#
################)#.~≈≈....#
...#...........#)#.~≈~....#
...).......).).'.#.≈≈~....#
...#...........#)###≈~..†.#
'''#############)).#≈≈P...#
...............#...#≈~....#
...≈~~~~~~~~~~~#####≈~....#


You could see a two-headed ogre (drained).

Vanquished Creatures
  Harold (D:10)
  An ogre mage (D:10)
  3 two-headed ogres
  Nergalle (D:10)
  3 cyclopes
  A kobold demonologist (D:10)
  A hornet (D:10)
  A blink frog (D:9)
  2 shadows (D:9)
  2 wyverns
  Grum (D:10)
  6 wargs (D:10)
  2 steam dragons (D:8)
  A hell hound (D:10)
  2 sky beasts (D:7)
  3 black bears (D:6)
  3 ice beasts
  7 orc warriors
  2 wolves (D:10)
  2 phantoms
  2 kobold brigands
  Blork the orc (D:5)
  5 gnoll sergeants (D:10)
  6 scorpions
  2 wyvern zombies (D:8)
  A bullfrog (D:9)
  2 necrophages (D:8)
  14 wights
  3 killer bees (D:8)
  6 howler monkeys
  2 centaur zombies (D:8)
  A human zombie (D:8)
  3 hounds
  7 orc priests
  2 jellies
  9 gnoll boudas
  A sleepcap (D:5)
  3 iguanas
  Terence (D:2)
  16 orc wizards
  2 mummies (D:8)
  A howler monkey zombie (D:8)
  19 gnolls
  11 adders
  2 white imps
  2 worms
  2 dart slugs
  34 orcs
  5 bats
  9 endoplasms
  A giant cockroach (D:1)
  7 goblins
  5 hobgoblins
  8 quokkas
  4 ball pythons
  2 frilled lizards
  5 kobolds
  2 rats
253 creatures vanquished.

Notes
Turn   | Place    | Note
-------+----------+-------------------------------------------
     0 | D:1      | Laraso the Oni Cinder Acolyte began the quest for the Orb.
     0 | D:1      | Reached XP level 1. HP: 24/24 MP: 2/2
   141 | D:1      | Reached XP level 2. HP: 28/32 MP: 2/4
   668 | D:1      | Learned a level 2 spell: Scorch
   696 | D:2      | Reached XP level 3. HP: 39/40 MP: 0/5
   746 | D:2      | Identified the +3 leather armour of the Enchanting Gods
                  | {*Slow rPois Will+}
   868 | D:2      | Noticed Terence
   872 | D:2      | Gained mutation: You are agile. (Dex +4, Str/Int -1)
                  | [potion of mutation]
   872 | D:2      | Gained mutation: You are dopey. (Int -2) [potion of
                  | mutation]
   872 | D:2      | Gained mutation: Your muscles are strong. (Str +4, Int/Dex
                  | -1) [potion of mutation]
   872 | D:2      | Gained mutation: You are very agile. (Dex +8, Str/Int -2)
                  | [potion of mutation]
   880 | D:2      | Killed Terence
  1021 | D:2      | Reached XP level 4. HP: 46/46 MP: 4/7
  1163 | D:2      | Found an ornate altar of the Wu Jian Council.
  1190 | D:2      | Found a faded altar of an unknown god.
  1470 | D:3      | Reached skill level 1 in Long Blades
  1475 | D:3      | Reached XP level 5. HP: 18/55 MP: 0/8
  1661 | D:3      | Reached skill level 5 in Fighting
  1977 | D:3      | Found a radiant altar of Vehumet.
  2863 | D:4      | Identified the +6 war axe "Jeunuodi" {venom, rPois Str-3
                  | Int+7}
  2878 | D:4      | Reached skill level 2 in Long Blades
  2878 | D:4      | Reached XP level 6. HP: 63/66 MP: 10/10
  3165 | D:4      | Reached skill level 3 in Long Blades
  3189 | D:4      | Identified the +1 robe of Tomorrow {rF- rC++ MP+9}
  3491 | D:4      | Found a staircase to the Ecumenical Temple.
  3578 | D:4      | Found an ancient bone altar of Kikubaaqudgha.
  3579 | D:4      | Found a shimmering altar of Xom.
  3581 | D:4      | Found a glowing golden altar of the Shining One.
  3779 | D:5      | Entered Level 5 of the Dungeon
  3818 | D:5      | Reached skill level 4 in Long Blades
  3821 | D:5      | Reached XP level 7. HP: 72/72 MP: 11/11
  4140 | D:5      | Noticed Blork the orc
  4144 | D:5      | Killed Blork the orc
  4145 | D:5      | Reached skill level 5 in Long Blades
  4317 | D:5      | Reached skill level 6 in Long Blades
  4870 | D:5      | Reached XP level 8. HP: 67/80 MP: 12/12
  5618 | D:6      | Reached skill level 7 in Long Blades
  5937 | D:6      | Reached skill level 8 in Long Blades
  6053 | D:6      | Found Tegon's General Store.
  6400 | D:6      | Reached skill level 9 in Long Blades
  6400 | D:6      | Reached XP level 9. HP: 75/88 MP: 13/13
  6821 | D:7      | Found a runed translucent door.
  7000 | D:7      | Found Eqiwniyl's General Store.
  7003 | D:7      | Reached skill level 10 in Long Blades
  7147 | D:7      | Found a burning altar of Makhleb.
  7147 | D:7      | Noticed a sixfirhy
  7714 | D:8      | Noticed a cyclops
  7731 | D:8      | Killed a cyclops
  7732 | D:8      | Reached skill level 11 in Long Blades
  7950 | D:8      | Reached XP level 10. HP: 96/96 MP: 14/14
  8017 | D:8      | Reached skill level 12 in Long Blades
  8327 | D:8      | Found a basalt altar of Yredelemnul.
  8408 | D:8      | Found an ornate altar of the Wu Jian Council.
  8716 | D:9      | Noticed a two-headed ogre
  8724 | D:9      | Killed a two-headed ogre
  8725 | D:9      | Reached skill level 13 in Long Blades
  9283 | D:9      | Noticed Maurice
  9285 | D:9      | Maurice changed into Maurice the blink frog
  9285 | D:9      | Noticed Maurice
  9290 | D:9      | Killed Maurice the blink frog
  9313 | D:9      | Noticed an ice statue
  9490 | D:9      | Found a runed translucent gate.
  9490 | D:9      | Noticed Curundu's ghost (novice MiBe)
  9601 | D:9      | Found a blossoming altar of Fedhas.
  9691 | D:9      | Noticed a two-headed ogre
  9705 | D:9      | Killed a two-headed ogre
  9706 | D:9      | Reached skill level 14 in Long Blades
  9706 | D:9      | Reached XP level 11. HP: 71/104 MP: 12/15
  9900 | D:9      | Identified the +1 chain mail "Xaomoah" {rF+ Regen+ Str-4}
  9901 | D:9      | Found a runed translucent gate.
  9902 | D:9      | Found a runed translucent gate.
 10107 | D:10     | Entered Level 10 of the Dungeon
 10134 | D:10     | Noticed a cyclops
 10144 | D:10     | Killed a cyclops
 10388 | D:10     | Noticed Grum
 10396 | D:10     | Killed Grum
 10485 | D:10     | Found an opulent altar of Gozag.
 10490 | D:10     | Reached skill level 1 in Dodging
 10574 | D:10     | Found a shadowy altar of Dithmenos.
 10579 | D:10     | Noticed Nergalle
 10582 | D:10     | Noticed a two-headed ogre
 10586 | D:10     | Killed Nergalle
 10591 | D:10     | Killed a two-headed ogre
 10821 | D:10     | Noticed Harold
 10838 | D:10     | Killed Harold
 10839 | D:10     | Reached skill level 5 in Dodging
 11109 | D:10     | Noticed a sixfirhy
 11112 | D:10     | HP: 1/111 [sixfirhy[a kobold demonologist] (10)]
 11584 | D:10     | Noticed a cyclops
 11598 | D:10     | Killed a cyclops
 11599 | D:10     | Reached skill level 1 in Shields
 11773 | D:10     | Noticed an ogre mage
 11777 | D:10     | Killed an ogre mage
 11801 | D:10     | Noticed a cyclops
 11808 | D:10     | Noticed a two-headed ogre
 11814 | D:10     | HP: 3/111 [two-headed ogre/+0 giant club (18)]
 11814 | D:10     | Demolished by a two-headed ogre

Illustrated notes

Levels and vault maps discovered:
D:1:      giann_bridges, layout_basic
D:2:      layout_rooms, ebering_ecumenical_altar_abandoned, basic_altar,
          uniq_terence
D:3:      layout_loops_ring, nicolae_vehumet_radiance, serial_co_window_serial,
          co_window_cross_1, co_window_paths_a, co_window_paths_a,
          co_window_corner_a, co_window_corner_a, co_window_corner_a,
          co_window_corner_a, co_window_corner_ca, co_window_unsneaky_path_a,
          co_window_paths_c, co_window_of_opportunity_b, co_window_2corner,
          co_window_of_opportunity_b, co_window_sun, glass_columns_b,
          glass_columns_c, glass_columns_a, glass_columns_b, glass_columns_a
D:4:      layout_basic, minitemple, minmay_temple_entry_from_below_b
D:5:      layout_layer_cave, minmay_misc_feat_iff, uniq_blork_the_orc
D:6:      layout_rooms, serial_shops, shop
D:7:      layout_cave_pools, nzn_makhleb_speed_demon, serial_shops,
          nicolae_shop_tiny_statue_garden
D:8:      layout_loops_ring, lemuel_mausoleum_altar_yredelemnul,
          pdpol_wu_jian_five_deadly_venoms
D:9:      layout_gridville, old_standard_altar, biasface_ghost_orc_armoury,
          minivault_16, uniq_maurice
D:10:     lemuel_castle_with_subvaults [lemuel_castle_interior_carwin_1],
          layout_irregular_city, mainiacjoe_overflow_brackets,
          mainiacjoe_overflow_24_doors, uniq_harold, uniq_grum, uniq_nergalle

Skill      XL: |  1  2  3  4  5  6  7  8  9 10 11 |
---------------+----------------------------------+-----
Fire Magic     | 3 |  3.5
Spellcasting   | 2 |  2.9
Long Blades    | 1 2 4 6 9 11 14 | 14.0
Fighting       | 5 8 |  8.0
Maces & Flails | 4 |  4.0
Dodging        | 7 |  7.0
Shields        | 3 |  3.1

Action                     |  1- 3 |  4- 6 |  7- 9 | 10-12 || total
---------------------------+-------+-------+-------+-------++-------
  Melee: Mace              |    52 |       |       |       ||    52
         Headbutt          |     2 |     9 |    23 |    52 ||    86
         Punch             |     1 |     1 |       |     1 ||     3
         Long sword        |       |    85 |   129 |   290 ||   504
   Cast: Scorch            |     8 |     6 |    84 |    26 ||   124
  Evoke: Wand              |       |       |       |    12 ||    12
    Use: Potion            |     2 |     1 |     1 |     1 ||     5
         Scroll            |       |    11 |     7 |       ||    18
   Stab: Sleeping          |       |       |       |     1 ||     1
 Armour: Robe              |    38 |    64 |    82 |       ||   184
         Steam dragon scal |       |       |    25 |   239 ||   264
  Dodge: Dodged            |    24 |    42 |    52 |   113 ||   231
  Block: Kite shield       |       |       |       |    22 ||    22

Table legend: (Time is in decaauts)
 A = Elapsed time spent in this place.
 B = Non-inter-level travel time spent in this place.
 C = Inter-level travel time spent in this place.
 D = Time resting spent in this place.
 E = Time spent auto-exploring this place.
 F = Levels seen in this place.
 G = Mean time per level.
                   A        B        C        D        E       F      G
               +--------+--------+--------+--------+--------+-----+--------+
         Total |  11802 |  11583 |    219 |   2296 |   7508 |  10 | 1180.2 |
       Dungeon |  11802 |  11583 |    219 |   2296 |   7508 |  10 | 1180.2 |
               +--------+--------+--------+--------+--------+-----+--------+

Top non-repeatable levels by time:
     D:5: 1829 daAuts
    D:10: 1680 daAuts
     D:3: 1466 daAuts
     D:9: 1391 daAuts
     D:8: 1379 daAuts
     D:4: 960 daAuts
     D:6: 959 daAuts
     D:7: 747 daAuts
     D:1: 698 daAuts
     D:2: 690 daAuts
